MLB
HOUSTON ASTROS @ CLEVELAND INDIANS
03/12/2044
 
TOP OF THE 1ST
Houston Astros batting - Pitching for Cleveland Indians : RHP Andy Zecher
Pitching: RHP Andy Zecher
Batting: RHB Matt Thompson 0-0: Called Strike
0-1: Ball
1-1: Ball
2-1: SINGLE (Line Drive, 7S, EV 106.2 MPH)
Batting: RHB Chang-wei Jiang 0-0: Ball
1-0: Called Strike
1-1: Grounds into double play, 4-6-3 (Groundball, 4, EV 83.1 MPH)
Batting: SHB Addick de Vries 0-0: Ball
1-0: Swinging Strike
1-1: Ball
2-1: DOUBLE (Groundball, 5L, EV 105.6 MPH)
Batting: RHB Danny Dyer 0-0: Foul Ball, location: 2F
0-1: SINGLE (Groundball, 6D, EV 98.1 MPH)
Addick de Vries to third
Runner from 3rd tries for Home, SAFE, throw by CF to home
Danny Dyer to second
Batting: LHB Ian Jarvis 0-0: Ball
1-0: Called Strike
1-1: DOUBLE (Line Drive, 7LD, EV 115.0 MPH)
Danny Dyer scores
Batting: RHB Trevor Mock 0-0: Ball
1-0: Ball
2-0: Fly out, F8 (Flyball, 8RS, EV 78.8 MPH)
Top of the 1st over - 2 runs, 4 hits, 0 errors, 1 left on base; Houston 2 - Cleveland 0
BOTTOM OF THE 1ST
Cleveland Indians batting - Pitching for Houston Astros : RHP Chris Perretta
Pitching: RHP Chris Perretta
Batting: LHB Jeremy DiGenova 0-0: Swinging Strike
0-1: Ball
1-1: Ball
2-1: Ground out 6-3 (Groundball, 6, EV 86.2 MPH)
Batting: LHB Arvin Dungca 0-0: Ball
1-0: Called Strike
1-1: Ground out U3 (Groundball, 3, EV 86.9 MPH)
Batting: LHB Hector Pedroso 0-0: Ball
1-0: Called Strike
1-1: Fly out, F7 (Flyball, 7, EV 86.9 MPH)
Bottom of the 1st over - 0 runs, 0 hits, 0 errors, 0 left on base; Houston 2 - Cleveland 0
TOP OF THE 2ND
Houston Astros batting - Pitching for Cleveland Indians : RHP Andy Zecher
Batting: LHB Bob Myers 0-0: Called Strike
0-1: Called Strike
0-2: Ball
1-2: Strikes out looking
Batting: RHB Antonio Aranda 0-0: Ball
1-0: Swinging Strike
1-1: Foul Ball, location: 2F
1-2: Ball
2-2: Strikes out swinging
Batting: RHB Chris Fitzgerald 0-0: Fly out, F9 (Flyball, 9D, EV 81.2 MPH)
Top of the 2nd over - 0 runs, 0 hits, 0 errors, 0 left on base; Houston 2 - Cleveland 0
BOTTOM OF THE 2ND
Cleveland Indians batting - Pitching for Houston Astros : RHP Chris Perretta
Batting: RHB Ken Howard 0-0: Ball
1-0: SINGLE (Groundball, 56D, EV 95.0 MPH)
Batting: RHB Chad Manning 0-0: Ball
1-0: Foul Ball, location: 2F
1-1: Fly out, F7 (Flyball, 7D, EV 97.5 MPH)
Batting: SHB Dan Hill 0-0: Called Strike
0-1: Ball
1-1: Ball
2-1: SINGLE (Groundball, 4MD, EV 97.5 MPH)
Ken Howard to second
Runner from 2nd tries for 3rd, SAFE, throw by CF made to third
Batting: RHB Mike Cervino 0-0: Foul Ball, location: 2F
0-1: Ball
1-1: Swinging Strike
1-2: Ball
2-2: Foul Ball, location: 2F
2-2: Foul Ball, location: 2F
2-2: Strikes out swinging
Batting: RHB Toki Takeuchi 0-0: Ball
1-0: Ball
2-0: Ball
3-0: Called Strike
3-1: Foul Ball, location: 2F
3-2: Ground out 6-3 (Groundball, 6, EV 101.9 MPH)
Bottom of the 2nd over - 0 runs, 2 hits, 0 errors, 2 left on base; Houston 2 - Cleveland 0
TOP OF THE 3RD
Houston Astros batting - Pitching for Cleveland Indians : RHP Andy Zecher
Batting: RHB Matt Thompson 0-0: SINGLE (Line Drive, 8RS, EV 101.2 MPH)
Batting: RHB Chang-wei Jiang 0-0: Called Strike
Matt Thompson steals 2nd base
0-1: Foul Ball, location: 2F
0-2: Ball
1-2: Ball
2-2: Ball
3-2: Base on Balls
Batting: SHB Addick de Vries 0-0: Swinging Strike
0-1: Foul Ball, location: 2F
0-2: Strikes out swinging
Batting: RHB Danny Dyer 0-0: Ball
1-0: Foul Ball, location: 2F
1-1: Ball
2-1: Called Strike
2-2: Ball
3-2: Foul Ball, location: 2F
3-2: Foul Ball, location: 2F
3-2: Foul Ball, location: 2F
3-2: Foul Ball, location: 2F
3-2: Base on Balls
Matt Thompson to third
Chang-wei Jiang to second
Batting: LHB Ian Jarvis 0-0: Called Strike
0-1: Foul Ball, location: 2F
0-2: Ball
1-2: Strikes out swinging
Batting: RHB Trevor Mock 0-0: Ball
1-0: Foul Ball, location: 2F
1-1: Ball
2-1: Fielders Choice at 2nd, 6-4 (Groundball, 6, EV 87.5 MPH)
Top of the 3rd over - 0 runs, 1 hit, 0 errors, 3 left on base; Houston 2 - Cleveland 0
BOTTOM OF THE 3RD
Cleveland Indians batting - Pitching for Houston Astros : RHP Chris Perretta
Batting: RHB David Schweitzer 0-0: Ball
1-0: Foul Ball, location: 2F
1-1: Foul Ball, location: 2F
1-2: Ball
2-2: Foul Ball, location: 2F
2-2: Strikes out swinging
Batting: LHB Jeremy DiGenova 0-0: Ground out 4-3 (Groundball, 4, EV 101.9 MPH)
Batting: LHB Arvin Dungca 0-0: Ball
1-0: DOUBLE (Groundball, 3L, EV 108.1 MPH)
Batting: LHB Hector Pedroso 0-0: Foul Ball, location: 2F
0-1: Swinging Strike
0-2: Foul Ball, location: 2F
0-2: Ball
1-2: Ground out 5-3 (Groundball, 56S, EV 67.5 MPH)
Bottom of the 3rd over - 0 runs, 1 hit, 0 errors, 1 left on base; Houston 2 - Cleveland 0
TOP OF THE 4TH
Houston Astros batting - Pitching for Cleveland Indians : RHP Andy Zecher
Batting: LHB Bob Myers 0-0: Ball
1-0: SOLO HOME RUN (Flyball, 9D, EV 104.4 MPH), Distance : 371 ft
Batting: RHB Antonio Aranda 0-0: Ball
1-0: Ball
2-0: Called Strike
2-1: Foul Ball, location: 2F
2-2: Foul Ball, location: 2F
2-2: Hit by Pitch, AND HE CHARGES THE MOUND! The benches clear!
Pitching: RHP Dan Korte
Pinch Runner at 1st Bryce Hill:
Batting: RHB Chris Fitzgerald 0-0: Fly out, F8 (Flyball, 8LM, EV 96.2 MPH)
Batting: RHB Matt Thompson 0-0: Reached on error, E7 (Line Drive, 7, EV 89.4 MPH)
Bryce Hill to third
Batting: RHB Chang-wei Jiang 0-0: Ball
1-0: Ball
2-0: Foul Ball, location: 2F
2-1: Ground out 1-3 (Groundball, 15S, EV 70.0 MPH)
Batting: SHB Addick de Vries 0-0: Ball
1-0: Called Strike
1-1: Ball
2-1: Ball
3-1: Fly out, F6 (Popup, 6S, EV 62.5 MPH)
Top of the 4th over - 1 run, 1 hit, 1 error, 2 left on base; Houston 3 - Cleveland 0
BOTTOM OF THE 4TH
Cleveland Indians batting - Pitching for Houston Astros : RHP Chris Perretta
Now in RF: Tyler Babbitt
Batting: RHB Ken Howard 0-0: Called Strike
0-1: Ball
1-1: Called Strike
1-2: Strikes out looking
Batting: RHB Chad Manning 0-0: Ball
1-0: Called Strike
1-1: Ball
2-1: Called Strike
2-2: Fly out, F9 (Flyball, 89D, EV 108.1 MPH)
Batting: SHB Dan Hill 0-0: Called Strike
0-1: Ball
1-1: SINGLE (Groundball, 34D, EV 110.0 MPH)
Batting: RHB Mike Cervino 0-0: Ball
1-0: Foul Ball, location: 2F
1-1: Ball
2-1: Fly out, F6 (Popup, P, EV 77.5 MPH)
Bottom of the 4th over - 0 runs, 1 hit, 0 errors, 1 left on base; Houston 3 - Cleveland 0
TOP OF THE 5TH
Houston Astros batting - Pitching for Cleveland Indians : RHP Dan Korte
Batting: RHB Danny Dyer 0-0: SINGLE (Groundball, 6MD, EV 97.5 MPH)
Batting: LHB Ian Jarvis 0-0: Called Strike
0-1: Ball
1-1: Ball
2-1: Fly out, F9 (Line Drive, 9, EV 93.8 MPH)
Batting: RHB Trevor Mock 0-0: Ball
1-0: Foul Ball, location: 2F
1-1: Swinging Strike
1-2: Ball
2-2: Strikes out swinging
Batting: LHB Bob Myers 0-0: Called Strike
0-1: Foul Ball, location: 2F
0-2: Ground out U3 (Groundball, 34, EV 96.9 MPH)
Top of the 5th over - 0 runs, 1 hit, 0 errors, 1 left on base; Houston 3 - Cleveland 0
BOTTOM OF THE 5TH
Cleveland Indians batting - Pitching for Houston Astros : RHP Chris Perretta
Pitching: RHP Antonio Escobosa
Batting: RHB Toki Takeuchi 0-0: Ground out 6-3 (Groundball, 6, EV 88.8 MPH)
Batting: RHB David Schweitzer 0-0: Ball
1-0: Foul Ball, location: 2F
1-1: Ball
2-1: Foul Ball, location: 2F
2-2: Ground out 6-3 (Groundball, 6, EV 83.8 MPH)
Batting: LHB Jeremy DiGenova 0-0: Ball
1-0: Called Strike
1-1: Foul Ball, location: 2F
1-2: Ball
2-2: Ground out 5-3 (Groundball, 5, EV 87.5 MPH)
Bottom of the 5th over - 0 runs, 0 hits, 0 errors, 0 left on base; Houston 3 - Cleveland 0
TOP OF THE 6TH
Houston Astros batting - Pitching for Cleveland Indians : RHP Dan Korte
Batting: LHB Tyler Babbitt 0-0: Swinging Strike
0-1: Fly out, F9 (Flyball, 9, EV 91.9 MPH)
Batting: RHB Chris Fitzgerald 0-0: Foul Ball, location: 2F
0-1: DOUBLE (Line Drive, 7LM, EV 110.0 MPH)
Pinch Hitting: RHB Mark Barger 0-0: Foul Ball, location: 2F
0-1: Ball
1-1: Ground out 5-3 (Groundball, 5S, EV 85.6 MPH)
Batting: RHB Chang-wei Jiang 0-0: Ground out 5-3 (Groundball, 56S, EV 85.6 MPH)
Top of the 6th over - 0 runs, 1 hit, 0 errors, 1 left on base; Houston 3 - Cleveland 0
BOTTOM OF THE 6TH
Cleveland Indians batting - Pitching for Houston Astros : RHP Antonio Escobosa
Now at 2B: Mark Barger
Batting: LHB Arvin Dungca 0-0: Ball
1-0: Ball
2-0: Called Strike
2-1: Foul Ball, location: 2F
2-2: Foul Ball, location: 2F
2-2: Foul Ball, location: 2F
2-2: TRIPLE (Flyball, 9D, EV 93.1 MPH)
Batting: LHB Hector Pedroso 0-0: Ball
1-0: Foul Ball, location: 2F
1-1: Foul Ball, location: 2F
1-2: Ground out 4-3 (Groundball, 4M, EV 107.5 MPH)
Arvin Dungca scores
Batting: RHB Ken Howard 0-0: SINGLE (Groundball, 56D, EV 98.8 MPH)
Batting: RHB Chad Manning 0-0: Ball
1-0: Ball
2-0: Foul Ball, location: 2F
2-1: Called Strike
2-2: Foul Ball, location: 2F
2-2: Foul Ball, location: 2F
2-2: DOUBLE (Line Drive, 78XD, EV 108.1 MPH)
Ken Howard to third
Batting: SHB Dan Hill 0-0: Ball
1-0: Ball
2-0: Fly out, F5 (Popup, 56S, EV 76.2 MPH)
Batting: RHB Mike Cervino 0-0: Ball
1-0: Ball
2-0: Called Strike
2-1: Ground out 6-3 (Groundball, 6, EV 107.5 MPH)
Bottom of the 6th over - 1 run, 3 hits, 0 errors, 2 left on base; Houston 3 - Cleveland 1
TOP OF THE 7TH
Houston Astros batting - Pitching for Cleveland Indians : RHP Dan Korte
Pitching: RHP Dennis Beals
Batting: RHB Josh Froyd 0-0: Ball
1-0: Called Strike
1-1: Foul Ball, location: 2F
1-2: Ball
2-2: Fly out, F6 (Flyball, 56D, EV 89.4 MPH)
Batting: RHB Danny Dyer 0-0: Ball
1-0: Ball
2-0: Called Strike
2-1: Foul Ball, location: 2F
2-2: Strikes out swinging
Batting: LHB Ian Jarvis 0-0: SINGLE (Line Drive, 9LS, EV 88.8 MPH)
Pinch Hitting: SHB Joe Gardner 0-0: Ball
1-0: Fly out, F8 (Line Drive, 8RM, EV 100.0 MPH)
Top of the 7th over - 0 runs, 1 hit, 0 errors, 1 left on base; Houston 3 - Cleveland 1
BOTTOM OF THE 7TH
Cleveland Indians batting - Pitching for Houston Astros : RHP Antonio Escobosa
Pitching: RHP Kyle McPeak
Now in CF: Joe Gardner
Batting: RHB Toki Takeuchi 0-0: Ball
1-0: Ball
2-0: Swinging Strike
2-1: Foul Ball, location: 2F
2-2: Ball
3-2: Foul Ball, location: 2F
3-2: Strikes out swinging
Batting: RHB David Schweitzer 0-0: Called Strike
0-1: Swinging Strike
0-2: Strikes out swinging
Batting: LHB Jeremy DiGenova 0-0: Called Strike
0-1: Ball
1-1: Ball
2-1: Called Strike
2-2: Strikes out swinging
Bottom of the 7th over - 0 runs, 0 hits, 0 errors, 0 left on base; Houston 3 - Cleveland 1
TOP OF THE 8TH
Houston Astros batting - Pitching for Cleveland Indians : RHP Dennis Beals
Batting: LHB Bob Myers 0-0: Ball
1-0: Swinging Strike
1-1: Ball
2-1: Ground out 5-3 (Groundball, 56, EV 85.0 MPH)
Batting: LHB Tyler Babbitt 0-0: Ball
1-0: Ball
2-0: Called Strike
2-1: Foul Ball, location: 2F
2-2: Fly out, F9 (Flyball, 9S, EV 80.0 MPH)
Batting: RHB Chris Fitzgerald 0-0: Ball
1-0: Fly out, F5 (Line Drive, 5, EV 65.6 MPH)
Top of the 8th over - 0 runs, 0 hits, 0 errors, 0 left on base; Houston 3 - Cleveland 1
BOTTOM OF THE 8TH
Cleveland Indians batting - Pitching for Houston Astros : RHP Kyle McPeak
Pinch Hitting: RHB Jesus Galvan 0-0: Ball
1-0: Ball
2-0: Called Strike
2-1: Foul Ball, location: 2F
2-2: Foul Ball, location: 2F
2-2: Ball
3-2: Foul Ball, location: 2F
3-2: Strikes out swinging
Pinch Hitting: LHB Fernando Campos 0-0: Foul Ball, location: 2F
0-1: Ball
1-1: Swinging Strike
1-2: Ball
2-2: Ball
3-2: Ground out U3 (Groundball, 3, EV 86.9 MPH)
Pitching: RHP Eli Hernandez
Batting: LHB Kyle Schaible 0-0: Ball
1-0: Ball
2-0: Ball
3-0: Called Strike
3-1: Base on Balls
Pinch Hitting: RHB Drtian Thaqi 0-0: Called Strike
0-1: Ball
1-1: Foul Ball, location: 2F
1-2: Foul Ball, location: 2F
1-2: Foul Ball, location: 2F
1-2: DOUBLE (Line Drive, 7LS, EV 109.4 MPH)
Kyle Schaible to third
Pinch Hitting: RHB Tristan Dennis 0-0: Called Strike
0-1: Ball
1-1: Fly out, F8 (Flyball, 8RD, EV 100.6 MPH)
Bottom of the 8th over - 0 runs, 1 hit, 0 errors, 2 left on base; Houston 3 - Cleveland 1
TOP OF THE 9TH
Houston Astros batting - Pitching for Cleveland Indians : RHP Dennis Beals
Now at 1B: Jesus Galvan
Now at 2B: Tristan Dennis
Now at 3B: Drtian Thaqi
Now in LF: Fernando Campos
Batting: RHB Mark Barger 0-0: Called Strike
0-1: Foul Ball, location: 9LSF, Error on foul ball, E9
0-2: SOLO HOME RUN (Flyball, 7D, EV 103.1 MPH), Distance : 419 ft
Batting: RHB Chang-wei Jiang 0-0: Called Strike
0-1: Foul Ball, location: 2F
0-2: SINGLE (Groundball, 6S, EV 66.2 MPH) (infield hit)
Batting: RHB Josh Froyd 0-0: Fly out, F6 (Popup, 6S, EV 80.6 MPH)
Pinch Hitting: LHB Jim Keefe 0-0: Ball
1-0: Ball
2-0: Foul Ball, location: 2F
2-1: Ball
3-1: Foul Ball, location: 2F
3-2: Grounds into double play, 3-6-3 (Groundball, 34, EV 98.8 MPH)
Top of the 9th over - 1 run, 2 hits, 1 error, 0 left on base; Houston 4 - Cleveland 1
BOTTOM OF THE 9TH
Cleveland Indians batting - Pitching for Houston Astros : RHP Eli Hernandez
Pitching: LHP Brian Thomas
Now at 1B: Jim Keefe
Pinch Hitting: RHB Rafael Medina 0-0: Foul Ball, location: 2F
0-1: SINGLE (Groundball, 6M, EV 97.5 MPH)
Pinch Hitting: RHB Greg Harden 0-0: Fly out, F9 (Flyball, 89D, EV 98.8 MPH)
Pinch Hitting: RHB Miguel Trevino 0-0: Called Strike
0-1: Ball
1-1: Foul Ball, location: 2F
1-2: Strikes out looking
Pinch Hitting: RHB C.J. Sagle 0-0: SINGLE (Groundball, 34D, EV 105.0 MPH)
Rafael Medina to second
Batting: RHB Jesus Galvan 0-0: Ball
Wild Pitch!
Rafael Medina to third
C.J. Sagle to second
1-0: Ball
2-0: Foul Ball, location: 2F
2-1: Ground out 4-3 (Groundball, 4, EV 82.5 MPH)
Bottom of the 9th over - 0 runs, 2 hits, 0 errors, 2 left on base; Houston 4 - Cleveland 1
Thursday, March 31st , 2022 - OOTP Baseball 22.12 Build 89